AoeStats
← Juyhou

Nomad

507935837Analyzed
3v3 RM · 13d ago on Sep 20, 2026· 50m 20s· 6 players
Game mode
Random Map
Map size
210×210
Population
200
Speed
Normal
Resources
Standard
Victory
Conquest
Starting age
Dark Age
Ending age
Imperial Age
RankedLock teamsTeams togetherTeam positionsShared explorationLock speedFull tech treeHidden civsTurbo modeCheats
Victory
Defeat
🇦🇷 Koreans · Argentina
1813
+10
🇨🇳 Dravidians · China
1801
+10
🇨🇳 Persians · China
1536
+21
🇫🇮 Persians · Finland
1819
-20
🇫🇮 Wei · Finland
1606
-11
🇫🇮 Poles · Finland
1579
-10
Ee-meili
5:10 Loom
13:32 Feudal Age
17:27 Castle Age
16:05 Double-Bit Axe
16:05 Horse Collar
19:22 Bow Saw
21:55 Sanctity
22:55 Fervor
25:52 Heavy Plow
27:15 Fletching
27:08 Pikeman
28:26 Squires
29:15 Wheelbarrow
28:26 Town Watch
29:29 Forging
31:06 Hand Cart
31:35 Bloodlines
31:25 Husbandry
31:35 Scale Barding Armor
31:22 Gold Mining
31:22 Stone Mining
32:50 Chain Barding Armor
33:30 Iron Casting
34:02 Szlachta Privileges
39:46 Scale Mail Armor
41:18 Light Cavalry
50:19 Bodkin Arrow
Juyhou
4:51 Loom
16:17 Feudal Age
17:09 Double-Bit Axe
17:41 Town Watch
21:38 Castle Age
23:14 Bow Saw
23:58 Fishing Lines
25:56 Wheelbarrow
27:54 Bloodlines
28:23 Husbandry
29:29 Scale Barding Armor
32:45 Forging
35:43 Wheelbarrow
35:07 Horse Collar
38:17 Chain Barding Armor
40:48 Stone Mining
40:51 Gold Mining
44:58 Imperial Age
45:49 Plate Barding Armor
45:16 Cavalier
47:27 Conscription
49:21 Chemistry
Pyrrhos
4:22 Loom
12:31 Feudal Age
13:35 Double-Bit Axe
15:51 Fishing Lines
16:47 Horse Collar
18:29 Town Watch
20:06 Forging
22:38 Castle Age
21:50 Gold Mining
23:33 Medium Warships
23:47 Bow Saw
24:22 Fletching
26:09 Bodkin Arrow
43:03 Gillnets
45:49 Wheelbarrow
46:10 Stone Mining
49:35 Imperial Age
48:09 Gold Shaft Mining
48:28 Tuntian
48:41 Padded Archer Armor
50:17 Stone Shaft Mining
50:01 Leather Archer Armor
50:10 Thumb Ring
51:20 Chemistry
50:54 Parthian Tactics
50:30 Bracer
50:55 Bloodlines
50:46 Husbandry
Hyacine
5:17 Loom
13:00 Feudal Age
13:45 Double-Bit Axe
16:55 Castle Age
15:22 Fishing Lines
17:59 Scale Barding Armor
21:35 Bloodlines
25:42 Horse Collar
26:43 Chain Barding Armor
26:58 Husbandry
28:33 Light Cavalry
29:28 Gillnets
34:54 Forging
35:58 Wheelbarrow
46:58 Imperial Age
45:35 Hand Cart
47:25 Iron Casting
46:41 Cavalier
47:58 Plate Barding Armor
47:22 Gold Mining
49:23 Blast Furnace
49:14 Savar
冥想控
5:47 Loom
17:40 Feudal Age
22:56 Castle Age
22:51 Town Watch
26:07 Double-Bit Axe
27:24 Gold Mining
27:45 Bow Saw
45:06 Sanctity
46:46 Wheelbarrow
45:53 Horse Collar
49:59 Hand Cart
49:47 Heavy Plow
qeozouwajqnl
11:41 Feudal Age
12:37 Double-Bit Axe
17:24 Loom
20:35 Castle Age
20:08 Gold Mining
21:35 Medium Warships
22:08 Bow Saw
24:38 Scale Mail Armor
26:38 Wheelbarrow
25:48 Town Watch
26:28 Squires
27:36 Fishing Lines
29:42 Chain Mail Armor
29:38 Forging
31:27 Gillnets
33:01 Iron Casting
37:52 Imperial Age
41:11 Elite Fire Lancer
42:57 Plate Mail Armor
44:24 Fletching
46:07 Capped Ram
48:48 Hand Cart
Connection lost

Rejoining the realm…

Still unreachable

The connection could not be restored.

Session expired

The server has moved on; the page needs a fresh start.